 Dungeon Crawl Stone Soup version 0.23-a0-490-ge7ea69a (webtiles) character file.

81 JeffiDaFish the Grave Robber (level 4, 0/24 HPs)
             Began as a Deep Elf Necromancer on Dec 2, 2018.
             Slain by a centaur skeleton (6 damage)
             ... on level 4 of the Dungeon.
             The game lasted 00:04:43 (2218 turns).

JeffiDaFish the Grave Robber (Deep Elf Necromancer) Turns: 2218, Time: 00:04:44

Health: 0/24       AC:  3    Str:  9    XL:     4   Next: 19%
Magic:  6/12       EV: 13    Int: 21    God:
Gold:   49         SH:  0    Dex: 15    Spells: 7/11 levels left

rFire    . . .     SeeInvis .   a - +0 dagger
rCold    . . .     Gourm    .   (no shield)
rNeg     . . .     Faith    .   f - +0 robe
rPois    .         Spirit   .   (no helmet)
rElec    .         Reflect  .   b - +0 cloak
rCorr    .         Harm     .   (no gloves)
MR       .....                  (no boots)
Stlth    ++........             (no amulet)
HPRegen  0.08/turn              j - +4 ring of strength
MPRegen  0.13/turn              (no ring)

@: no status effects
A: no striking features
a: no special abilities


You were on level 4 of the Dungeon.
You were not hungry.

You visited 1 branch of the dungeon, and saw 4 of its levels.

You collected 49 gold pieces.

Inventory:

Hand Weapons
 a - a +0 dagger (weapon)
Armour
 b - a +0 cloak (worn)
 f - a +0 robe (worn)
Jewellery
 j - a +4 ring of strength (left hand)
Scrolls
 e - a scroll of remove curse
 g - 2 scrolls of magic mapping
 i - a scroll of amnesia
Potions
 h - a potion of invisibility {unknown}
Comestibles
 c - 3 rations
 d - 4 chunks of flesh


   Skills:
 + Level 0.1 Short Blades
 + Level 2.7 Dodging
 + Level 2.6 Stealth
 + Level 4.0 Spellcasting
 + Level 6.2 Necromancy


You had 7 spell levels left.
You knew the following spells:

 Your Spells              Type           Power        Failure   Level  Hunger
a - Pain                  Necr           ####         1%          1    None
b - Vampiric Draining     Necr           ####......   2%          3    ###....

Your spell library contained the following spells:

 Spells                   Type           Power        Failure   Level  Hunger
 Animate Skeleton         Necr           N/A          1%          1    None
 Regeneration             Chrm/Necr      ###.......   10%         3    ###....
 Animate Dead             Necr           N/A          10%         4    ####...


Dungeon Overview and Level Annotations

Branches:
Dungeon (4/15)
 Temple: D:4-7

Altars:
Dithmenos
Trog


Message History

The iguana writhes in agony!
The centaur skeleton closely misses you.
The centaur skeleton hits you.
Casting: Pain (safe; 1% risk of failure)
Confirm with . or Enter, or press ? or * to list all spells.
Aiming: Vampiric Draining (safe; 3% risk of failure)
Press: ? - help, Shift-Dir - straight line, f/p - iguana
Aim: an iguana (almost dead)
You kill the iguana!
Your Spellcasting skill increases to level 4!
Your Necromancy skill increases to level 6!
You have reached level 4!
You feel clever.
You feel life coursing into your body. The centaur skeleton hits you.
* * * LOW HITPOINT WARNING * * *
You hit the centaur skeleton.
The centaur skeleton is lightly damaged.
The centaur skeleton completely misses you.
The centaur skeleton hits you.
You die...

.. .....
.....
##+####.....
#...........
#...........
#.†.........
#.Z@........
####<#+#.##
#.# #.. ####


You could see a centaur skeleton.

Vanquished Creatures
  An iguana (D:4)
  An adder (D:2)
  A dart slug (D:2)
  A leopard gecko (D:2)
  4 giant cockroaches
  7 goblins
  3 hobgoblins
  6 jackals
  5 kobolds
  A quokka (D:2)
  5 bats
  A frilled lizard (D:1)
  6 rats
42 creatures vanquished.

Notes
Turn   | Place    | Note
-------+----------+-------------------------------------------
     0 | D:1      | JeffiDaFish the Deep Elf Necromancer began the quest for
                  | the Orb.
     0 | D:1      | Reached XP level 1. HP: 10/10 MP: 6/6
   105 | D:1      | Reached skill level 5 in Necromancy
   418 | D:1      | Reached XP level 2. HP: 12/15 MP: 4/8
  1308 | D:1      | Reached XP level 3. HP: 14/19 MP: 7/9
  1451 | D:2      | Learned a level 3 spell: Vampiric Draining
  1726 | D:2      | Found a shadowy altar of Dithmenos.
  2183 | D:2      | You fall through a shaft!
  2186 | D:3      | Found a bloodstained altar of Trog.
  2216 | D:4      | Reached skill level 6 in Necromancy
  2216 | D:4      | Reached XP level 4. HP: 7/24 MP: 6/12
  2218 | D:4      | Slain by a centaur skeleton

Vault maps used:
D:1:      roderic_chinese_lattice_arrival
D:2:      lemuel_round_altar, minmay_cupped
D:3:      lemuel_upstairs_altar, trog_three_pillars_becter, uniq_jessica,
          uniq_ijyb
D:4:      first_ration, gammafunk_ghost_mausoleum

Skill      XL: |  1  2  3 |
---------------+----------+-----
Necromancy     | 5 6 |  6.2
Spellcasting   | 4 |  4.0
Short Blades   | |  0.1
Dodging        | |  2.7
Stealth        | |  2.6

Action                   |  1- 3 |  4- 6 || total
-------------------------+-------+-------++-------
Melee: Dagger            |    22 |     1 ||    23
 Cast: Pain              |    63 |       ||    63
       Vampiric Draining |       |     1 ||     1
  Use: Scroll            |     3 |       ||     3
       Potion            |     3 |       ||     3
 Stab: Sleeping          |     3 |       ||     3
  Eat: Chunk             |     4 |       ||     4
Armor: Robe              |    12 |       ||    12
Dodge: Dodged            |    43 |     1 ||    44

Table legend:
 A = Non-vault XP
 B = Vault XP
 C = Vault XP percentage of total XP
 D = Non-vault monster count
 E = Vault monster count
 F = Vault count percentage of total count
                 A         B        C        D         E       F
            +---------+---------+-------+---------+---------+-------
      Total |     108 |       8 |   6.9 |      38 |       4 |   9.5
            +---------+---------+-------+---------+---------+-------
        D:1 |      42 |       0 |   0.0 |      25 |       0 |   0.0
        D:2 |      30 |       8 |  21.1 |      11 |       4 |  26.7
        D:3 |       1 |       0 |   0.0 |       1 |       0 |   0.0
        D:4 |      35 |       0 |   0.0 |       1 |       0 |   0.0
            +---------+---------+-------+---------+---------+-------
